 Dungeon Crawl Stone Soup version 0.19-a0-526-gbe2e51c (webtiles) character file.

231 hypermopl the Scratcher (level 5, 9/25 HPs)
             Began as a Felid Abyssal Knight on June 7, 2016.
             Was a Priest of Lugonu.
             Quit the game on level 6 of the Dungeon.
             The game lasted 00:10:35 (6670 turns).

hypermopl the Scratcher (Felid Abyssal Knight)      Turns: 6670, Time: 00:10:35

Health: 9/25       AC:  2    Str:  8    XL:     5   Next: 72%
Magic:  9/9        EV: 18    Int: 14    God:    Lugonu [***...]
Gold:   238        SH:  0    Dex: 17    Spells: 1 memorised, 0 levels left
                                        Lives:  0   Deaths: 2

rFire  . . .     SeeInvis +       - Unarmed
rCold  . . .     Gourm    .     (armour unavailable)
rNeg   . . .     Faith    .     (shield unavailable)
rPois  .         Spirit   .     (helmet unavailable)
rElec  .         Dismiss  .     (cloak unavailable)
rCorr  .         Reflect  .     (gloves unavailable)
SustAt .         Harm     .     (boots unavailable)
MR     .....                    r - amulet of magic regeneration
Stlth  ++++......               (no ring)
                                (no ring)

@: quick, not resistant to hostile enchantments, stealthy
A: no armour, no weapons or thrown items, claws 1, fangs 3, see invisible,
carnivore 3, speed 1, mutation resistance 1, shaggy fur 2, slow metabolism 1,
sharp paws
a: Depart the Abyss, Bend Space, Banish, Renounce Religion


You were on level 6 of the Dungeon.
You worshipped Lugonu.
Lugonu was most pleased with you.
You were not hungry.

You visited 1 branch of the dungeon, and saw 6 of its levels.
You visited the Abyss 1 time.

You collected 238 gold pieces.

Inventory:

Jewellery
 r - an amulet of magic regeneration (around neck)
Scrolls
 b - 2 scrolls of immolation {unknown}
 d - 3 scrolls of teleportation {unknown}
 e - 2 scrolls of enchant armour {unknown}
 h - a scroll of random uselessness {unknown}
 k - a scroll of fog {unknown}
 m - 3 scrolls of noise {unknown}
 p - a scroll of recharging {unknown}
 q - a scroll of fear {unknown}
 s - 2 scrolls of magic mapping {unknown}
 u - a scroll of remove curse {unknown}
 v - 2 scrolls of identify
Potions
 g - a potion of agility
 j - a potion of might
 l - a potion of ambrosia
 n - 4 potions of flight
Books
 o - a book of the Earth

   Spells                             Type                      Level
   a - Leda's Liquefaction            Hexes/Earth                  4
   b - Bolt of Magma                  Conjuration/Fire/Earth       5
   c - Statue Form                    Transmutation/Earth          6
   d - Iron Shot                      Conjuration/Earth            6
   e - Shatter                        Earth                        9
Comestibles
 a - 2 meat rations
 c - a royal jelly
 f - 2 slices of pizza


   Skills:
 - Level 4.2 Fighting
 - Level 3.2 Dodging
 + Level 5.0 Stealth
 * Level 5.3 Unarmed Combat
 + Level 1.0 Transmutations
 + Level 1.0 Earth Magic
 + Level 4.3 Invocations


You couldn't memorise any spells.
You knew the following spells:

 Your Spells              Type           Power        Failure   Level  Hunger
s - Statue Form           Tmut/Erth      #........    100%        6    #######


Dungeon Overview and Level Annotations

Branches:
Dungeon (6/15)
 Temple: D:4-7

Altars:
Ashenzari
Fedhas
Hepliaklqana
Pakellas
Sif Muna
Trog
Xom
Yredelemnul

Annotations:
D:2 1 runed door
D:3 Edmund
D:5 Grinder; ololoev's ghost, novice DEFE


Innate Abilities, Weirdness & Mutations

You cannot wear armour.
You are incapable of wielding weapons or throwing items.
You have sharp claws.
You have razor-sharp teeth.
You have supernaturally acute eyesight. (SInv)
You are carnivorous and can eat meat at any time.
You cover ground quickly.
You are covered in thick fur. (AC +2)
You have a slow metabolism.
Your sharp claws are effective at attacking unaware monsters.
You are somewhat resistant to further mutation.


Message History

The centaur shouts!
You scratch the wyvern skeleton but do no damage.
The wyvern skeleton barely misses you. The wyvern skeleton bites you.
You scratch the wyvern skeleton. You claw the wyvern skeleton.
The orc hits you with a club. The wyvern skeleton bites you!
You are too injured to fight recklessly!
You are too injured to fight recklessly!
You are too injured to fight recklessly!
You are too injured to fight recklessly!
You are too injured to fight recklessly!
You are too injured to fight recklessly!
You are too injured to fight recklessly!
You are too injured to fight recklessly!
You are too injured to fight recklessly!
You are too injured to fight recklessly!
You are too injured to fight recklessly!
You are too injured to fight recklessly!
You are too injured to fight recklessly!
Unknown command.
Are you sure you want to abandon this character and quit the game? (Confirm with "yes".)

#... #....
##....
#######......
#..........#
#......a..###.
#.......c.....
#....Z.<...#
#...@o....#
######...##
#...#.#
#.##...... #.#
..#### #.. ..#
### #.. ..#
.##


You could see a centaur, a worker ant, an orc and a wyvern skeleton.

Vanquished Creatures
  Sigmund (D:3)
  An ogre (D:4)
  A giant frog (D:6)
  A scorpion (D:4)
  A crimson imp (D:5)
  A giant frog zombie (D:6)
  A centaur skeleton (D:4)
  4 orc wizards
  A worker ant (D:6)
  6 adders
  An ooze (D:2)
  3 worms
  3 dart slugs
  2 giant geckos
  8 orcs
  5 giant cockroaches
  3 goblins (D:1)
  6 hobgoblins
  6 jackals
  4 quokkas
  3 ball pythons
  10 bats
  10 giant newts
  A jackal skeleton (D:2)
  4 kobolds
  A kobold zombie (D:2)
  11 rats
99 creatures vanquished.

Notes
Turn   | Place    | Note
--------------------------------------------------------------
     0 | Abyss:1  | hypermopl the Felid Abyssal Knight began the quest for the Orb.
     0 | Abyss:1  | Reached XP level 1. HP: 10/10 MP: 3/3
    81 | Abyss:1  | Noticed a large abomination
   103 | Abyss:1  | Noticed a reaper
   103 | D:1      | Escaped the Abyss
   316 | D:1      | Reached skill level 1 in Stealth
   316 | D:1      | Reached skill level 2 in Invocations
   316 | D:1      | Reached XP level 2. HP: 14/14 MP: 4/4
   788 | D:1      | Reached * piety under Lugonu
  1105 | D:1      | Reached XP level 3. HP: 14/17 MP: 5/5
  1413 | D:2      | Found a runed door.
  1413 | D:2      | Noticed a human
  1420 | D:2      | Found a basalt altar of Yredelemnul.
  1504 | D:2      | Reached skill level 2 in Stealth
  1893 | D:3      | Found a bloodstained altar of Trog.
  1922 | D:3      | Reached ** piety under Lugonu
  1952 | D:3      | Reached XP level 4. HP: 10/21 MP: 6/6
  2182 | D:3      | Reached skill level 3 in Unarmed Combat
  2192 | D:3      | Noticed Sigmund
  2418 | D:3      | Killed Sigmund
  2418 | D:3      | Reached skill level 3 in Stealth
  2418 | D:3      | Reached skill level 4 in Unarmed Combat
  2418 | D:3      | Reached skill level 3 in Invocations
  2418 | D:3      | Reached XP level 5. HP: 25/25 MP: 8/8
  3045 | D:3      | Found a shattered altar of Ashenzari.
  3340 | D:3      | Gained mutation: You are covered in thick fur. (AC +2) [Felid growth]
  3340 | D:3      | Reached XP level 6. HP: 28/28 MP: 9/9
  3817 | D:3      | Reached skill level 4 in Fighting
  4345 | D:3      | Reached skill level 4 in Stealth
  5489 | D:4      | Reached XP level 7. HP: 32/32 MP: 10/10
  5500 | D:4      | Learned a level 6 spell: Statue Form
  5524 | D:4      | Reached skill level 5 in Unarmed Combat
  5524 | D:4      | Reached skill level 4 in Invocations
  5857 | D:5      | Entered Level 5 of the Dungeon
  5857 | D:5      | Noticed Edmund
  6074 | D:5      | Found a shimmering altar of Xom.
  6192 | D:5      | Noticed ololoev's ghost (novice DEFE)
  6207 | D:5      | Found an oddly glowing altar of Pakellas.
  6243 | D:5      | Found a blossoming altar of Fedhas.
  6476 | D:5      | Noticed Grinder
  6511 | D:6      | Gained mutation: You are somewhat resistant to further mutation. [potion of beneficial mutation]
  6511 | D:6      | Slain by a worker ant
  6512 | D:6      | Reached XP level 6. HP: -1/28 MP: 10/10
  6538 | D:6      | Reached *** piety under Lugonu
  6608 | D:6      | Reached skill level 1 in Transmutations
  6637 | D:6      | Found a deep blue altar of Sif Muna.
  6637 | D:6      | Found a hazy altar of Hepliaklqana.
  6644 | D:6      | Reached skill level 1 in Earth Magic
  6658 | D:6      | Slain by a giant frog
  6659 | D:6      | Reached XP level 5. HP: -1/25 MP: 9/9
  6666 | D:6      | Reached skill level 5 in Stealth
  6668 | D:6      | Noticed a centaur
  6670 | D:6      | Quit the game

Vault maps used:
D:1:      scummos_arrival_hexagon
D:2:      dk_yredelemnul_ordeal
D:3:      lemuel_doored_altar, nicolae_overflow_crystal_walls, uniq_sigmund
D:5:      xom_teletrap_fun, fedhas_altar_1, overflow_temple_1_default,
          first_bread, uniq_grinder, uniq_edmund
D:6:      gammafunk_temple_overflow_pools

Skill      XL: |  1  2  3  4  5  6  7 |
---------------+----------------------+-----
Stealth        | 1 2 3 5 4 |  5.0
Invocations    | 2 3 4 |  4.3
Unarmed Combat | 4 5 |  5.3
Fighting       | 4 |  4.2
Transmutations | 1 |  1.0
Earth Magic    | 1 |  1.0
Dodging        | |  3.2

Action                   |  1- 3 |  4- 6 |  7- 9 || total
-------------------------+-------+-------+-------++-------
Melee: Unarmed           |   156 |   208 |    48 ||   412
       Bite              |     9 |    15 |     3 ||    27
       Punch             |       |     3 |       ||     3
Invok: Depart the Abyss  |     1 |       |       ||     1
  Use: Scroll            |     2 |     3 |       ||     5
       Potion            |       |     2 |     3 ||     5
 Stab: Sleeping          |     6 |     9 |     1 ||    16
  Eat: Chunk             |     9 |    13 |     1 ||    23
Armor: Skin              |    10 |    16 |     3 ||    29
Dodge: Dodged            |   133 |   139 |    45 ||   317
